Map: Catalyst LE

Players

HeRoMaRinE - Winner!

  • Race: Terran Terran
  • Spawn Location: 11:00

Cham

  • Race: Zerg Zerg
  • Spawn Location: 5:00

Event: WCS Leipzig 2018

VOD

Have the link to the VOD?

Description

Time

  • Played on: Jan. 26, 2018, 1:17 p.m.
  • Length: 8:05

All games in this series

Show
View Real Time Build Order
Export as new Build Order

HeRoMaRinE Terran - Winner!

Build Orders: Reaper Expand, MMM Bio 

Get SALT Encoding   

  12  0:00  SCV  
  13  0:13  SCV  
  14  0:17  Supply Depot  
  14  0:25  SCV  
  15  0:38  SCV  
  15  0:41  Barracks  
  16  0:46  Refinery  
  16  0:50  SCV  
  17  1:02  SCV  
  18  1:15  SCV  
  19  1:28  Orbital Command, Reaper  
  20  1:40  Command Center  
  20  1:51  Supply Depot  
  20  1:54  SCV  
  21  2:00  Marine  
  22  2:06  SCV  
  23  2:09  Factory  
  23  2:13  Refinery  
  23  2:18  SCV  
  24  2:23  Barracks Reactor  
  24  2:30  SCV  
  25  2:42  SCV  
  25  2:43  Command Center  
  26  2:52  Orbital Command  
  26  2:54  SCV  
  27  3:02  Hellion  
  27  3:04  Hellion  
  31  3:06  SCV  
  31  3:08  Barracks Tech Lab  
  32  3:18  SCV x2  
  34  3:24  Hellion  
  34  3:26  Hellion  
  38  3:27  Stimpack  
  38  3:29  Marine  
  38  3:31  SCV x2  
  41  3:43  SCV x2  
  41  3:47  Marine  
  44  3:55  SCV x2  
  44  3:56  Orbital Command  
  44  3:58  Barracks  
  44  4:00  Barracks  
  44  4:01  Factory Reactor  
  44  4:02  Refinery x2  
  45  4:04  Marine  
  45  4:07  SCV  
  45  4:08  SCV  
  48  4:13  Bunker  
  48  4:19  SCV  
  48  4:20  SCV, Supply Depot  
  48  4:22  Marine  
  51  4:26  SCV  
  52  4:31  Engineering Bay  
  52  4:32  SCV x2, Engineering Bay  
  54  4:38  SCV  
  54  4:40  Marine  
  54  4:44  SCV x2  
  58  4:49  Marine  
  58  4:50  Marine  
  58  4:52  Starport, Factory Reactor  
  61  4:56  SCV  
  61  4:58  Marine  
  63  5:00  Terran Infantry Weapons Level 1  
  63  5:01  Supply Depot x2  
  63  5:02  Terran Infantry Armor Level 1  
  63  5:03  Orbital Command  
  62  5:09  Marine x3  
  62  5:10  Marine  
  68  5:15  Bunker  
  68  5:16  Bunker, Marine  
  67  5:26  Supply Depot x2  
  67  5:27  Supply Depot, Marine x3  
  67  5:28  Marine  
  71  5:30  Combat Shields  
  71  5:40  Factory Tech Lab  
  71  5:41  Medivac x2  
  72  5:45  Marine x2, Marauder  
  72  5:46  Marine  
  72  5:49  Marine  
  77  5:52  SCV  
  78  6:02  Marine  
  78  6:03  Marine x2  
  75  6:04  SCV  
  75  6:07  Siege Tank  
  75  6:09  SCV  
  79  6:15  Marine x2  
  79  6:17  Orbital Command  
  79  6:20  Marine x2  
  74  6:28  Marine  
  72  6:33  Marine x2  
  72  6:35  Medivac  
  72  6:38  Marine  
  77  6:40  Marine  
  77  6:46  Marine  
  75  6:50  Marine  
  75  6:51  Marine  
  63  6:56  Marine  
  63  6:58  SCV x3, Marine  
  60  7:04  Marine  
  61  7:08  Marine x2  
  61  7:10  SCV x2, Siege Tank  
  61  7:14  Marine  
  69  7:16  Marine  
  69  7:18  Barracks  
  69  7:20  Barracks  
  69  7:21  Marine  
  69  7:22  SCV x2  
  73  7:23  Supply Depot  
  73  7:25  Orbital Command  
  73  7:26  Marine  
  73  7:28  Supply Depot  
  73  7:29  Marine  
  75  7:31  Marine  
  75  7:34  SCV x2, Marine  
  75  7:35  Medivac x2, Orbital Command  
  83  7:41  Refinery  
  83  7:46  SCV x2  
  83  7:47  Armory  
Show
View Real Time Build Order
Export as new Build Order

Cham Zerg 

Build Orders: Hatch First 

Get SALT Encoding   

  12  0:00  Drone  
  13  0:09  Drone  
  14  0:17  Overlord  
  14  0:35  Drone x2  
  14  0:36  Drone  
  17  0:54  Hatchery  
  16  0:57  Drone  
  16  1:02  Drone  
  18  1:04  Extractor  
  17  1:17  Spawning Pool  
  16  1:20  Drone  
  16  1:23  Drone  
  18  1:30  Drone  
  19  1:52  Overlord  
  19  2:04  Zergling x2, Metabolic Boost, Queen  
  19  2:06  Queen  
  24  2:08  Zergling x2  
  24  2:11  Zergling x2  
  24  2:15  Drone  
  27  2:18  Drone  
  28  2:24  Drone  
  29  2:37  Overlord  
  29  2:39  Drone  
  29  2:40  Queen  
  32  2:45  Drone  
  32  2:49  Drone x2  
  35  2:55  Overlord  
  35  3:01  Overlord  
  35  3:06  Drone  
  35  3:11  Drone x2  
  35  3:12  Drone  
  39  3:15  Drone  
  39  3:16  Drone x3  
  43  3:26  Hatchery  
  42  3:31  Overlord  
  42  3:33  Drone  
  43  3:35  Drone  
  44  3:48  Zergling x4  
  44  3:49  Zergling x6  
  44  3:52  Overlord  
  44  3:55  Drone  
  50  3:59  Extractor x2  
  50  4:00  Roach Warren  
  47  4:03  Drone x3  
  47  4:04  Drone  
  47  4:06  Drone  
  52  4:14  Drone  
  52  4:15  Overlord  
  52  4:29  Overlord  
  52  4:40  Roach x6  
  52  4:41  Roach  
  66  4:47  Roach x2  
  66  4:51  Roach  
  72  4:56  Overlord  
  72  4:57  Overlord  
  72  4:59  Roach x3  
  78  5:07  Roach  
  78  5:08  Roach x3  
  78  5:13  Zergling x4  
  88  5:20  Ravager x2  
  90  5:22  Zergling x10  
  90  5:26  Zergling x2  
  96  5:32  Zergling x2  
  96  5:41  Ravager x2  
  96  5:43  Zergling x2  
  96  5:46  Zergling x8  
  96  5:47  Zergling x2  
  101  5:54  Zergling x2  
  94  6:00  Zergling x8  
  94  6:01  Zergling x8  
  97  6:05  Ravager  
  97  6:06  Ravager  
  97  6:07  Ravager  
  97  6:09  Zergling x6  
  103  6:15  Zergling x2  
  104  6:18  Zergling x2  
  91  6:27  Zergling x6  
  91  6:28  Zergling x4  
  91  6:31  Zergling x2  
  91  6:32  Ravager x3  
  94  6:34  Zergling x2  
  94  6:39  Zergling x2  
  89  6:47  Zergling x2  
  72  6:57  Roach x3  
  72  6:58  Drone x6  
  65  7:04  Lair  
  65  7:05  Drone  
  63  7:09  Drone  
  63  7:11  Drone x8  
  63  7:12  Drone x2  
  63  7:15  Drone  
  75  7:21  Roach  
  77  7:26  Roach x2, Evolution Chamber  
  80  7:30  Extractor  
  80  7:31  Extractor  
  80  7:33  Drone x2  
  80  7:37  Drone  
  80  7:40  Roach x2  
  80  7:41  Roach x2  
  80  7:43  Roach  
  91  7:46  Overlord  
  91  7:47  Hatchery  
Tags
 
Add a new tag
Caveats
  • Supply blocks, unpowered buildings, or Contaminate may cause inaccurate times.
  • Supply counts are checked every 10 seconds.